AoeStats
← waLLefps.

Arena

507595988Analyzed
4v4 RM · 12d ago on Sep 18, 2026· 40m 43s· 8 players
Game mode
Random Map
Map size
Large (8 player)
Population
200
Speed
Normal
Resources
Standard
Victory
Conquest
Starting age
Dark Age
Ending age
Imperial Age
RankedLock teamsTeams togetherTeam positionsShared explorationLock speedFull tech treeHidden civsTurbo modeCheats
Victory
Defeat
🇹🇷 Hindustanis · Türkiye
1452
+14
🇨🇴 Bulgarians · Colombia
1445
+14
🇹🇷 Malay · Türkiye
1429
+15
🇹🇷 Vietnamese · Türkiye
1376
+17
🇲🇽 Teutons · Mexico
1481
-17
🇨🇴 Magyars · Colombia
1394
-15
🇦🇷 Khmer · Argentina
1378
-14
🇦🇷 Persians · Argentina
1368
-14
klostrofobikköstebek
11:20 Feudal Age
14:55 Castle Age
14:04 Double-Bit Axe
14:00 Horse Collar
17:47 Wheelbarrow
18:01 Bow Saw
19:56 Loom
23:14 Hand Cart
24:23 Heavy Plow
28:40 Imperial Age
26:06 Gold Mining
26:06 Stone Mining
26:46 Scale Barding Armor
26:52 Forging
28:41 Chain Barding Armor
28:57 Iron Casting
29:02 Husbandry
29:12 Bloodlines
30:26 Chemistry
28:48 Heavy Camel Rider
30:05 Plate Barding Armor
30:34 Gold Shaft Mining
30:35 Stone Shaft Mining
31:02 Two-Man Saw
33:07 Blast Furnace
31:52 Imperial Camel Rider
35:56 Ballistics
37:28 Padded Archer Armor
37:18 Fletching
38:06 Shatagni
38:54 Leather Archer Armor
38:34 Bodkin Arrow
41:06 Ring Archer Armor
40:36 Bracer
waLLefps.
12:39 Feudal Age
16:25 Castle Age
14:34 Double-Bit Axe
14:31 Horse Collar
16:53 Bow Saw
18:46 Heavy Plow
21:42 Wheelbarrow
23:13 Gold Mining
23:29 Loom
24:03 Hand Cart
24:10 Town Watch
24:56 Forging
26:04 Iron Casting
26:49 Squires
26:34 Arson
27:55 Gold Shaft Mining
27:14 Stone Mining
34:05 Imperial Age
33:56 Stone Shaft Mining
32:59 Elite Karambit Warrior
34:00 Conscription
34:41 Blast Furnace
36:47 Ballistics
37:28 Chemistry
36:39 Siege Engineers
38:30 Coinage
Tameryig1t
2:53 Loom
10:25 Feudal Age
10:31 Man-at-Arms
18:35 Double-Bit Axe
18:32 Horse Collar
20:05 Wheelbarrow
20:01 Gold Mining
24:08 Stone Mining
26:57 Castle Age
25:14 Arson
25:30 Scale Mail Armor
25:40 Forging
25:49 Forging
26:55 Fletching
27:08 Padded Archer Armor
28:09 Squires
28:26 Chain Mail Armor
28:59 Bow Saw
31:06 Hand Cart
30:57 Heavy Plow
32:43 Town Watch
36:18 Town Patrol
37:05 Iron Casting
37:25 Stone Shaft Mining
40:43 Ballistics
40:30 Bodkin Arrow
40:50 Leather Archer Armor
Chigüiro
11:01 Feudal Age
15:02 Castle Age
13:51 Forging
14:08 Double-Bit Axe
14:58 Horse Collar
17:33 Town Watch
21:02 Scale Mail Armor
25:39 Pikeman
27:18 Bow Saw
27:33 Squires
31:56 Gold Mining
35:45 Imperial Age
33:52 Wheelbarrow
33:52 Stone Mining
35:01 Chain Mail Armor
36:09 Gambesons
35:48 Halberdier
35:52 Onager
37:38 Chemistry
37:53 Plate Mail Armor
37:10 Loom
38:58 Iron Casting
39:53 Siege Engineers
40:40 Conscription
CTM | SUNYQ
11:07 Feudal Age
15:19 Castle Age
13:34 Double-Bit Axe
16:50 Bow Saw
22:13 Wheelbarrow
21:26 Loom
21:26 Town Watch
24:49 Stone Mining
28:53 Imperial Age
27:33 Hand Cart
27:12 Horse Collar
28:04 Heavy Plow
28:16 Gold Mining
28:34 Scale Barding Armor
29:23 Corvinian Army
29:26 Town Patrol
30:02 Chain Barding Armor
30:26 Conscription
30:59 Crop Rotation
31:32 Two-Man Saw
32:09 Plate Barding Armor
33:24 Scale Mail Armor
32:46 Pikeman
33:15 Halberdier
33:35 Elite Magyar Huszar
35:11 Chain Mail Armor
CTM | SamDestroyer
6:37 Loom
10:09 Feudal Age
16:19 Double-Bit Axe
17:05 Horse Collar
17:50 Gold Mining
19:17 Stone Mining
20:43 Wheelbarrow
31:17 Castle Age
32:12 Heavy Plow
32:28 Bow Saw
32:37 Forging
32:27 Scale Mail Armor
34:25 Chain Mail Armor
34:46 Iron Casting
34:34 Squires
34:47 Gambesons
34:55 Man-at-Arms
35:22 Arson
35:40 Long Swordsman
36:33 Town Watch
PSX | King
10:38 Feudal Age
14:59 Castle Age
13:46 Double-Bit Axe
15:55 Bow Saw
15:45 Loom
19:58 Horse Collar
20:09 Gold Mining
22:32 Gold Shaft Mining
24:35 Wheelbarrow
24:07 Scale Barding Armor
26:13 Heavy Plow
26:36 Chain Barding Armor
26:28 Bloodlines
26:18 Husbandry
27:03 Husbandry
27:15 Forging
30:37 Imperial Age
28:44 Stone Mining
29:31 Iron Casting
30:49 Hand Cart
31:30 Plate Barding Armor
31:56 Blast Furnace
31:27 Fletching
32:50 Cavalier
33:53 Conscription
35:00 Chemistry
34:21 Ballistics
34:41 Kamandaran
36:04 Two-Man Saw
35:02 Bodkin Arrow
35:07 Padded Archer Armor
35:38 Padded Archer Armor
36:26 Guilds
35:53 Crossbowman
36:39 Thumb Ring
36:51 Leather Archer Armor
36:55 Murder Holes
37:11 Savar
39:24 Ring Archer Armor
CTM | Franco*
5:54 Loom
11:05 Feudal Age
15:24 Castle Age
14:16 Double-Bit Axe
15:49 Gold Mining
15:50 Stone Mining
15:44 Horse Collar
24:22 Bow Saw
25:10 Ballistics
26:51 Fortified Wall
27:14 Heavy Plow
28:14 Wheelbarrow
27:25 Town Watch
31:54 Hand Cart
32:58 Fletching
33:38 Bodkin Arrow
Connection lost

Rejoining the realm…

Still unreachable

The connection could not be restored.

Session expired

The server has moved on; the page needs a fresh start.